 Dungeon Crawl Stone Soup version 0.26.0-10-g1f06aea511 (webtiles) character file.

Game seed: 13500536410815397283

84 Borgoz the Slasher (level 4, -2/37 HPs)
             Began as a Ghoul Gladiator on Jan 30, 2021.
             Killed from afar by an orc wizard (3 damage)
             ... with a magic dart
             ... on level 3 of the Dungeon.
             The game lasted 00:01:32 (1651 turns).

Borgoz the Slasher (Ghoul Gladiator)                Turns: 1651, Time: 00:01:32

Health: -2/37      AC:  4    Str: 17    XL:     4   Next: 46%
Magic:  0/3        EV: 12    Int:  3    God:
Gold:   115        SH:  0    Dex: 11    Spells: 3/3 levels left

rFire    + . .     SeeInvis .   a - +0 long sword
rCold    + + .     Faith    .   (no shield)
rNeg     + + +     Spirit   +   b - +0 leather armour
rPois    ∞         Reflect  .   c - +0 helmet
rElec    +         Harm     .   (no cloak)
rCorr    +         Rampage  .   (no gloves)
Will     +....                  (no boots)
Stlth    +.........             s - amulet of guardian spirit
HPRegen  0.00/turn              e - ring of willpower
MPRegen  0.08/turn              (no ring)

@: resistant, flying
A: claws 1, cold resistance 1, negative energy resistance 3, inhibited
regeneration, torment resistance, unbreathing
a: no special abilities


You were on level 3 of the Dungeon.
You visited 1 branch of the dungeon, and saw 3 of its levels.

You collected 115 gold pieces.

Inventory:

Hand Weapons
 a - a +0 long sword (weapon)
Missiles
 d - 3 throwing nets (quivered)
Armour
 b - a +0 leather armour (worn)
 c - a +0 helmet (worn)
Jewellery
 e - a ring of willpower (left claw)
 s - an amulet of guardian spirit (around neck)
 t - a cursed ring of teleportation {unknown}
Scrolls
 f - 2 scrolls of remove curse {unknown}
 j - 2 scrolls of teleportation {unknown}
 k - 6 scrolls of identify {unknown}
 l - 2 scrolls of fog {unknown}
 n - a scroll of random uselessness {unknown}
 q - a scroll of blinking {unknown}
Potions
 h - 2 potions of brilliance {unknown}
 i - 2 potions of heal wounds {unknown}
 m - a potion of lignification
 o - a potion of cancellation {unknown}
 p - 3 potions of might {unknown}


   Skills:
 + Level 2.9 Fighting
 * Level 3.6 Long Blades
 - Level 1.7 Throwing
 + Level 1.3 Armour
 + Level 3.2 Dodging


You had 3 spell levels left.
You didn't know any spells.
Your spell library was empty.

Dungeon Overview and Level Annotations

Branches:
Dungeon (3/15)

Altars:
Trog


Innate Abilities, Weirdness & Mutations

You thrive by killing the living.
You are immune to poison.
You have sharp fingernails.
Your flesh is cold resistant. (rC+)
You are immune to negative energy. (rN+++)
You do not regenerate when monsters are visible.
You are immune to unholy pain and torment.
You can survive without breathing.


Message History

The puff of flame hits you!
* * * LOW HITPOINT WARNING * * *
The orc wizard casts a spell.
The orc wizard seems to speed up.
You completely miss the orc.
It was a potion of resistance.
You feel protected. The orc hits you but does no damage.
It was a potion of flight.
You feel very buoyant.
You fly up into the air.
The orc wizard points at you and mumbles some strange words.
The magic dart hits you.
* * * LOW HITPOINT WARNING * * *
The orc hits you with a +0 club.
* * * LOW HITPOINT WARNING * * *
It was a potion of lignification.
You feel woody for a moment.
The orc wizard gestures at you while chanting.
The magic dart hits you.
You die...

## .# #. .# #.##.#
#..... #..#.#
###############..#.#
....(....>.......#.###
................ooo.>#
.............#..@#...#
.#.###...........#.#.#
.#.# #.......†...#.# #
##.###...........#.#
...#.............#.#
..##.#######.....#..
..##.# #..##.#.#
..##.# #...#.# ...#.#
#.....#


You could see an orc wizard (fast) and 2 orcs.

Vanquished Creatures
  Jessica (D:3)
  An adder (D:3)
  A worm (D:3)
  A dart slug (D:1)
  A leopard gecko (D:2)
  3 orcs (D:3)
  A giant cockroach (D:1)
  3 goblins
  6 hobgoblins
  2 jackals (D:3)
  A quokka (D:3)
  A ball python (D:1)
  4 bats
  7 frilled lizards
  5 kobolds
  6 rats
44 creatures vanquished.

Notes
Turn   | Place    | Note
-------+----------+-------------------------------------------
     0 | D:1      | Borgoz the Ghoul Gladiator began the quest for the Orb.
     0 | D:1      | Reached XP level 1. HP: 17/17 MP: 0/0
    60 | D:1      | Reached XP level 2. HP: 23/25 MP: 1/1
   766 | D:2      | Reached XP level 3. HP: 30/30 MP: 2/2
  1147 | D:2      | Found a bloodstained altar of Trog.
  1400 | D:3      | Noticed Jessica
  1405 | D:3      | Killed Jessica
  1406 | D:3      | Reached skill level 1 in Armour
  1438 | D:3      | Reached XP level 4. HP: 37/37 MP: 3/3
  1650 | D:3      | HP: 1/37 [orc/+0 club (1)]
  1651 | D:3      | Killed from afar by an orc wizard

Illustrated notes

Levels and vault maps discovered:
D:1:      minmay_arrival_radiant_lines, layout_basic,
          chequers_serial_rivers_micro_d
D:2:      layout_basic, nicolae_overflow_crystal_walls
D:3:      minmay_razor_zed, layout_basic, uniq_natasha, uniq_sigmund,
          uniq_grinder, uniq_jessica

Skill      XL: |  1  2  3 |
---------------+----------+-----
Long Blades    | 3 |  3.6
Dodging        | 3 |  3.2
Armour         | 1 |  1.3
Fighting       | |  2.9
Throwing       | |  1.7

Action                   |  1- 3 |  4- 6 || total
-------------------------+-------+-------++-------
Melee: Long sword        |    70 |    44 ||   114
  Use: Potion            |       |     3 ||     3
Armor: Leather armour    |    23 |    21 ||    44
Dodge: Dodged            |    53 |    66 ||   119
       Rpst.: Long sword |    21 |    29 ||    50
